[Event "Early-Titled-Tuesday-Blitz-January-16-2024"]
[Site "Chess.com"]
[Date "2024.01.16"]
[Round "1"]
[White "BilodeauA"]
[Black "Logman74"]
[Result "0-1"]
[WhiteElo "2907"]
[BlackElo "2508"]
[TimeControl "180+1"]
[EndTime "8:09:33 PST"]
[Termination "Logman74 won by resignation"]

1. e4 c5 2. Nf3 d6 3. d4 cxd4 4. Nxd4 Nf6 5. Nc3 Nc6 6. Be2 e5 7. Nb3 Be7 8. O-O O-O 9. Re1 a6 10. a4 Be6 11. Be3 Rc8 12. Bf3 h6 13. h3 Na5 14.
Nd2 Nc4 15. Nxc4 Rxc4 16. Qd2 Nh7 17. b3 Rc6 18. Nd5 Bxd5 19. Qxd5 Bg5 20. c4 Bxe3 21.
Rxe3 Ng5 22. Bg4 Qe7 23. Rd1 Rd8 24. Qd2 g6 25. h4 Ne6 26. Bxe6 Qxe6 27. Rd3 Kg7 28. f3 Qf6 29. g3 b5 30. axb5 axb5 31. cxb5 Rb6 32. Qa5 Rdb8 33. Qc3 Rxb5 34. Kg2 Rc5 35. Qd2 Qe6 36. Qe3 Rc2+ 37. R1d2 Rxd2+ 38. Qxd2 Rxb3 39. Rxb3 Qxb3 40. Qxd6 Qc2+ 41. Kh3 Qc3 42. Qd1 Qe3 43. Kg2 Kh7 44. Qc2 h5 45. Qa2 Kg7 46. Qb2 Kh7 47. Qf2 Qd3 48. Qa2 Kg7 49.
Kf2 Qd4+ 50. Kg2 Qc5 51. Qd2 Qc4 52. Kf2 Qc5+ 53. Ke2 Qg1 54. Qe1 Qd4 55. Qd1 Qc4+ 56. Qd3 Qa2+ 57. Qd2 Qc4+ 58. Kf2 Qc5+ 59. Kg2 Qc4 60. Qf2 Qc3 61. Kh3 Qa1 62. g4 Qh1+ 63.
Kg3 hxg4 64. Kxg4 Qc1 65. Kg3 Qf4+ 66. Kh3 f5 67. exf5 gxf5 68. Qa7+ Kg6 69. Qb6+ Kh5 70. Qf6 Qxf3+ 71. Kh2 Qf4+ 72. Kg2 Qg4+ 73. Kf1 Qf4+ 74.
Ke2 Kg4 75. h5 Qe4+ 76. Kf1 Kxh5 77. Qh8+ Kg4 78. Qg8+ Kf4 79. Qh7 Qf3+ 80. Ke1 Qg4 81. Qh6+ Qg5 82. Qb6 e4 83. Qc7+ Kf3 84. Qc3+ Qe3+ 85.
Kd1 Qd3+ 86. Qxd3+ exd3 87. Kd2 Ke4 88. Ke1 Ke3 0-1

[Event "Early-Titled-Tuesday-Blitz-January-16-2024"]
[Site "Chess.com"]
[Date "2024.01.16"]
[Round "1"]
[White "InitiatingASC"]
[Black "ValentinDragnev"]
[Result "1/2-1/2"]
[WhiteElo "2422"]
[BlackElo "2764"]
[TimeControl "180+1"]
[EndTime "8:09:33 PST"]
[Termination "Game drawn by stalemate"]

1. d4 d5 2. c4 e6 3. Nc3 c5 4. cxd5 cxd4 5. Qxd4 Nc6 6. Qa4 exd5 7. Nf3 d4 8. Ne4 Bf5 9. Ng3 Bb4+ 10. Bd2 Bxd2+ 11.
Nxd2 Ne7 12. Nxf5 Nxf5 13. g3 O-O 14. Bh3 Qg5 15. Nf3 Qh5 16. Bxf5 Qxf5 17. Rd1 Qe4 18. O-O Rad8 19. Rd2 Rd7 20. Rfd1 Rfd8 21. Ne1 h5 22. Nd3 Rd5 23. Nf4 Rf5 24. Qb3 Ne5 25. f3 Qc6 26. Rxd4 Qc5 27. Qe3 Rxd4 28. Qxd4 Qc2 29. Qd2 Qc5+ 30. Qd4 Qc2 31. Kg2 Ng6 32. Rd2 Qc6 33.
Nxg6 fxg6 34. Qd8+ Kh7 35. Qd7 Qb6 36. Qd4 Qa6 37. a3 Rf6 38. Qd3 Qb6 39. Qc3 Re6 40.
Qd3 Qc6 41. Qd5 Qe8 42. Qd3 Qe7 43. Rc2 a6 44. Kf2 b6 45. Rc4 a5 46. Rc2 Qf6 47. Rd2 Re5 48. Qd4 Qe7 49. Qd3 Qc5+ 50. Qd4 Qc7 51. Qd6 Qc5+ 52. Qxc5 Rxc5 53. e4 g5 54. Ke3 Kg6 55. Kd4 Kf6 56. b4 axb4 57. axb4 Rc1 58. Kd5 b5 59. e5+ Ke7 60. f4 gxf4 61.
gxf4 Rf1 62. Ke4 g6 63. Rd6 Re1+ 64. Kf3 Rf1+ 65. Kg3 Rg1+ 66. Kf2 Rg4 67. Kf3 Rh4 68. Rxg6 Rxh2 69. Rb6 Rb2 70. Rxb5 h4 71. Kg4 Rf2 72. f5 h3 73. Rb7+ Kd8 74. Rh7 h2 75. e6 Ke8 76.
Kg5 Kf8 77. Kf6 Kg8 78. Rh3 Rg2 79. e7 Re2 80. Rxh2 Re4 81. Rg2+ Kh7 82. Rg5 Re3 83. Kf7 Kh6 84. Rg6+ Kh5 85. e8=Q Rxe8 86. Kxe8 Kh4 87.
Kf7 Kh3 88. Kf6 Kh2 89. b5 Kh3 90. b6 Kh2 91. b7 Kh1 92. b8=Q 1/2-1/2

[Event "Early-Titled-Tuesday-Blitz-January-16-2024"]
[Site "Chess.com"]
[Date "2024.01.16"]
[Round "1"]
[White "Zohid6"]
[Black "emeli_chess"]
[Result "1/2-1/2"]
[WhiteElo "2830"]
[BlackElo "2462"]
[TimeControl "180+1"]
[EndTime "8:09:44 PST"]
[Termination "Game drawn by agreement"]

1. e4 e5 2. Nf3 Nc6 3. Nc3 Nf6 4. a3 d5 5. exd5 Nxd5 6. Bb5 Nxc3 7. bxc3 Bd6 8. d4 exd4 9. O-O O-O 10. cxd4 a6 11.
Bd3 Bg4 12. c3 Re8 13. h3 Bh5 14. Bc2 Bg6 15. a4 Bxc2 16. Qxc2 Qf6 17. Rb1 b6 18.
Qa2 a5 19. Bg5 Qg6 20. Rbe1 h6 21. Bd2 Qf5 22. Qc4 Ne7 23. Ne5 Ng6 24. f4 Bxe5 25. fxe5 Qd7 26. Rf2 c6 27. Ref1 Re6 28. Bc1 Ra7 29.
Ba3 Qd5 30. Qxd5 cxd5 31. Bd6 f6 32. Rb2 fxe5 33. Rxb6 exd4 34. cxd4 Rd7 35. Bc5 Rxb6 36. Bxb6 Re7 37. Rb1 Re2 38. Bxa5 Ra2 39. Rb4 Nf4 40. Bc7 Nxg2 41. Rb3 Ne1 42. a5 Nc2 43. Be5 Rxa5 44. Rb8+ Kf7 45. Rb7+ Ke6 46. Rxg7 Ra4 47. Rg6+ Kf5 48.
Rf6+ Ke4 49. Rf4+ Ke3 50. Rh4 Nxd4 51. Bxd4+ Rxd4 52. Rxh6 Kf3 53. Rf6+ Kg3 54. Rg6+ Kxh3 55. Kf2 Rd3 56. Ke2 Rg3 57. Rd6 Rg5 58. Kf3 Kh4 59.
Kf4 Rg4+ 60. Kf5 Rg5+ 61. Kf4 Rg4+ 62. Kf3 Rg3+ 63. Kf2 Rg5 64. Rd8 Kg4 65. Ke3 Re5+ 66.
Kd4 Re4+ 67. Kxd5 Rf4 68. Rg8+ Kf3 69. Ke5 Re4+ 70. Kd5 Rf4 71. Ra8 Rf5+ 72. Ke6 Rf4 73. Ke5 Re4+ 74. Kd5 Rf4 75. Ra3+ Kg4 76. Ke5 Rf5+ 77.
Ke6 Rf4 78. Ra1 Rf3 79. Kd5 Kg3 80. Ke4 Rf4+ 81. Ke5 Rf3 82. Ra8 Re3+ 83. Kd4 Rf3 84. Rg8+ Kf2 85. Rg7 Rf4+ 86. Kd3 Kf3 87. Rg8 Rf7 1/2-1/2

[Event "Early-Titled-Tuesday-Blitz-January-16-2024"]
[Site "Chess.com"]
[Date "2024.01.16"]
[Round "1"]
[White "Artemiki"]
[Black "Elsa167"]
[Result "1-0"]
[WhiteElo "2472"]
[BlackElo "2829"]
[TimeControl "180+1"]
[EndTime "8:10:08 PST"]
[Termination "Artemiki won by resignation"]

1. e4 e6 2. b3 d5 3. Bb2 Nc6 4. exd5 exd5 5. Nf3 Nf6 6. Bb5 Bd6 7. Qe2+ Be6 8. Nd4 O-O 9. Nxe6 fxe6 10. Qxe6+ Kh8 11.
O-O Nb4 12. Na3 c6 13. Bd3 Qc7 14. Qh3 Be5 15. Bxe5 Qxe5 16. c3 Nxd3 17. Qxd3 Rae8 18. Nc2 Ng4 19. Qg3 Qxg3 20. fxg3 Rxf1+ 21. Rxf1 Kg8 22. Re1 Rxe1+ 23. Nxe1 Kf7 24. h3 Nf6 25. d3 Ke6 26.
Kf2 c5 27. Ke3 b5 28. Nf3 h6 29. a3 a5 30. g4 g5 31. Nd2 Ke5 32. a4 b4 33. c4 d4+ 34. Kf3 Nd7 35. Ne4 Ke6 36. g3 Ne5+ 37. Ke2 Nd7 38. h4 gxh4 39. gxh4 Ke5 40. g5 hxg5 41. hxg5 Kf5 42. Kd2 Kg6 43. Ke2 Kf5 44. Nd6+ Kxg5 45. Nb7 Nf6 46. Nxa5 Kf5 47. Nb7 Nd7 48. a5 Ke6 49. a6 Nb6 50. Nxc5+ Kd6 51. Ne4+ Kc6 52. Ng5 Nd7 53. Ne6 Kb6 54. Nxd4 Nc5 55.
Kd2 Kxa6 56. Kc2 Kb6 57. Ne2 Ne6 58. d4 Ng5 59. Kd3 Nf3 60. Nf4 Ne1+ 61. Ke3 Nc2+ 62. Ke4 Na1 63. Nd5+ Ka5 64. c5 Kb5 65. Nxb4 Nxb3 66. Nd3 Na5 67. Ke5 Nc6+ 68. Kd5 Na5 69. Kd6 Nb7+ 70. Ke6 Kc4 71. d5 Kxd3 72. c6 Nc5+ 73.
Kd6 Kd4 74. c7 Ne4+ 75. Ke7 Nc3 76. c8=Q Nxd5+ 77. Kd8 Ke5 78. Qc1 Kd6 79. Qd2 Kc6 80. Qd4 Kd6 81. Kc8 Kc6 82. Qa4+ Kd6 83. Kb7 Kc5 84.
Qc6+ Kd4 85. Qh6 Kc5 86. Qf8+ Kd4 87. Kc6 Ne3 88. Qc5+ Ke4 89. Kd6 Nf5+ 90. Ke6 Nd4+ 91. Kf6 Nf3 92. Qc6+ Kf4 93. Qc4+ Ke3 94. Kf5 Nd4+ 95. Ke5 Nf3+ 96. Kd5 Kf2 97. Qc3 Nh4 98. Ke4 Ng2 99. Qf3+ Kg1 100. Qe2 Kh2 101. Kf3 Kh3 102. Qxg2+ 1-0

[Event "Early-Titled-Tuesday-Blitz-January-16-2024"]
[Site "Chess.com"]
[Date "2024.01.16"]
[Round "1"]
[White "Real_taiatai"]
[Black "mbojan"]
[Result "1/2-1/2"]
[WhiteElo "2495"]
[BlackElo "2891"]
[TimeControl "180+1"]
[EndTime "8:10:23 PST"]
[Termination "Game drawn by 50-move rule"]

1. e4 a6 2. d4 e6 3. Nc3 d5 4.
e5 c5 5. dxc5 Bxc5 6. Nf3 Nc6 7.
Bd3 Qc7 8. Qe2 Nge7 9. O-O Ng6 10. Re1 Nd4 11. Nxd4 Bxd4 12. Kh1 Nxe5 13. Nxd5 exd5 14. c3 O-O 15. cxd4 Nxd3 16. Qxd3 Be6 17. Bg5 Rac8 18.
Rac1 Qb6 19. b3 Qa5 20. Qd2 Qa3 21. Bf4 h6 22. Be5 Bf5 23. h4 Bg6 24. Kh2 Kh7 25.
g3 Rfe8 26. g4 f6 27. h5 Be4 28. Bf4 Kg8 29. Rxc8 Rxc8 30. Rc1 Rxc1 31. Qxc1 Qxa2 32. Qe3 Qc2 33. Kg3 Kh7 34. f3 Bd3 35. b4 Qd1 36.
Bd6 Qf1 37. Bf8 Be2 38. Qf2 Qd1 39. Qe3 Qe1+ 40. Qf2 Qd2 41. Bd6 Qd3 42. Bf4 Bd1 43.
Qe3 Qf1 44. Bd6 Qe2 45. Qxe2 Bxe2 46. Kf4 Bd1 47. Bc5 Kg8 48. Bb6 Kf7 49. Ke3 g5 50.
Bd8 Ke6 51. Kf2 f5 52. Kg3 fxg4 53. fxg4 Kf7 54. Bc7 Ke7 55. Be5 b6 56. Bg7 a5 57.
bxa5 bxa5 58. Bxh6 Kf6 59. Bf8 a4 60. Ba3 Kf7 61. Bc1 Kf6 62. Ba3 Bc2 63. Bc1 Be4 64.
Kf2 Bd3 65. Ke3 Bc4 66. Kf3 Bb5 67. h6 Bd3 68. Ke3 Bh7 69. Kd2 Be4 70. Kc3 Kg6 71. h7 Kxh7 72. Bxg5 Bf3 73. Kb4 Bd1 74. Bf6 Kg6 75.
g5 Kf5 76. Ka3 Bb3 77. Kb2 Bc4 78. Ka1 a3 79. Kb1 a2+ 80. Ka1 Kg6 81. Be7 Bb3 82. Bf6 Kf7 83. Kb2 Ke6 84. Ka1 Bc2 85. Kb2 Bb1 86. Ka1 Kd7 87. Kb2 Ke6 88. Ka1 Kd6 89. Be5+ Kd7 90. g6 Bxg6 91. Kxa2 Kc6 92. Kb3 Kb5 93. Kc3 Bh7 94. Kd2 Kc4 95. Ke3 Bg6 96. Kf4 Be4 97. Kg5 Kd3 98. Kf6 Ke3 99. Ke7 Kf3 100.
Kd6 Kg2 101. Kc5 Kh1 102. Kd6 Kg1 103. Kc5 Kf1 104. Kd6 Ke1 105. Kc5 Kd1 106. Kd6 Kc1 107. Kc5 Kc2 108. Kd6 Kb1 109. Kc5 Ka2 110. Kd6 Kb3 111. Kc5 Ka4 112. Kd6 Kb5 113. Ke7 Ka6 114. Kf6 Kb7 115. Kg5 Kc8 116. Kh4 Kd8 117. Kg5 Ke8 118. Kh4 Kf8 119. Kg5 Kg8 120. Kh4 Kh7 121. Kh5 Kg8 122. Kg4 Kf8 123. Kf4 Ke7 124. Ke3 Kd7 125. Kd2 Kc6 126. Kc3 Kb5 127. Kd2 Ka5 128. Ke3 Ka6 129. Kf4 Ka7 130. Kg5 Ka8 131. Kf6 Kb7 132. Bd6 Kc8 133. Ke5 Kd7 134. Bc5 Kd8 135. Kf4 Ke8 136. Ke3 Kf7 137. Kf4 Kg6 138. Ke3 Kh5 139. Kf4 Kh4 140. Ke3 Kh3 141. Kf4 1/2-1/2

[Event "Early-Titled-Tuesday-Blitz-January-16-2024"]
[Site "Chess.com"]
[Date "2024.01.16"]
[Round "1"]
[White "whitemirrorninja"]
[Black "adotand"]
[Result "1/2-1/2"]
[WhiteElo "2497"]
[BlackElo "2897"]
[TimeControl "180+1"]
[EndTime "8:10:53 PST"]
[Termination "Game drawn by 50-move rule"]

1. e4 c5 2. Nf3 Nc6 3. Nc3 d6 4. g3 Nf6 5. Bg2 e5 6. O-O Be7 7. d3 h6 8. a3 O-O 9. Rb1 a6 10. h3 Be6 11. Be3 d5 12. exd5 Nxd5 13. Bd2 Qd7 14.
Re1 Bf6 15. Kh2 Rfe8 16. Ne4 Be7 17. Nc3 Bd6 18. Ne4 Bf8 19. Nc3 Qd6 20. Ne4 Qc7 21.
Nc3 Rad8 22. Nh4 Nxc3 23. bxc3 Bd5 24. Bxd5 Rxd5 25. Nf5 Kh7 26. Qf3 Rd7 27. Re4 Re6 28. Rbe1 Qd8 29. Rh4 Kg8 30. Rg4 Kh8 31. a4 Qf6 32.
Kg2 Kh7 33. Rh4 Kg8 34. Rg4 h5 35. Rge4 g6 36. Ne3 Qxf3+ 37. Kxf3 f5 38. Rc4 Na5 39. Bc1 e4+ 40. Ke2 exd3+ 41. cxd3 Nxc4 42. dxc4 Bg7 43. Bd2 g5 44. f4 gxf4 45. gxf4 Re4 46. Rg1 Kf8 47. Rg5 Rxf4 48. Nxf5 Re4+ 49. Kf3 Re6 50. Bf4 Bxc3 51. Rxh5 Rf7 52. Kg4 Rg6+ 53. Rg5 Rxg5+ 54. Kxg5 Bf6+ 55. Kg6 Bd4 56. Bd6+ Ke8 57. h4 Rf6+ 58. Kg5 Kf7 59. h5 Bb2 60. Bf4 Re6 61. Ne3 Bf6+ 62. Kf5 Bd4 63. Nd5 Re2 64. h6 Rg2 65. Ke4 Kg6 66.
Ne7+ Kh7 67. Nf5 Re2+ 68. Kd3 Rf2 69. Ke4 Bf6 70. Bd6 Rc2 71. Kd5 Ra2 72. Ke6 Bc3 73.
Bxc5 Rxa4 74. Nd6 Bb4 75. Nxb7 Bxc5 76. Nxc5 Rxc4 77. Kd5 Rg4 78. Nxa6 Kxh6 79. Nc5 Kg6 80. Ne6 Rg1 81. Nd4 Kf6 82. Ke4 Re1+ 83. Kd5 Re8 84. Nc6 Re2 85. Kd6 Rd2+ 86. Kc5 Ke6 87. Nd4+ Kf6 88.
Kd5 Rd1 89. Ke4 Re1+ 90. Kd5 Re8 91. Nc6 Rh8 92. Kd6 Rh2 93. Kd5 Rd2+ 94. Nd4 Rd1 95. Ke4 Ra1 96. Kd5 Ra5+ 97. Kd6 Kg5 98. Ne6+ Kf5 99.
Nd4+ Ke4 100. Ne6 Rd5+ 101. Kc6 Ke5 102. Nc5 Rd6+ 103. Kb5 Kd5 104. Nb3 Rd8 105. Kb4 Rc8 106. Nd2 Kd4 107. Nb3+ Kd3 108. Nc5+ Kd4 109. Nb3+ Kd5 110. Ka3 Kc4 111. Na5+ Kc3 112. Ka4 Rc5 113. Nb7 Rd5 114. Na5 Rd7 115. Kb5 Rd5+ 116. Kb6 Kb4 117. Nc6+ Ka4 118. Ne7 Re5 119. Nc6 Rg5 120. Ne7 Kb4 121. Nc6+ Kc4 122. Ne7 Re5 123. Nc6 Re6 124. Kc7 Kc5 125. Nd8 Re7+ 126. Kc8 Kb6 127. Kb8 Rc7 128. Ne6 Rd7 1/2-1/2

[Event "Early-Titled-Tuesday-Blitz-January-16-2024"]
[Site "Chess.com"]
[Date "2024.01.16"]
[Round "2"]
[White "FoggyMorning"]
[Black "barbara25"]
[Result "1-0"]
[WhiteElo "2527"]
[BlackElo "2282"]
[TimeControl "180+1"]
[EndTime "8:12:35 PST"]
[Termination "FoggyMorning won by resignation"]

1. e4 c5 2. Nf3 d6 3. d4 cxd4 4. Nxd4 Nf6 5. Nc3 a6 6. g3 e5 7.
Nb3 Bg4 8. Be2 Bh3 9. g4 h6 10. Rg1 Nbd7 11. Qd3 Be7 12. Qxh3 1-0

[Event "Early-Titled-Tuesday-Blitz-January-16-2024"]
[Site "Chess.com"]
[Date "2024.01.16"]
[Round "2"]
[White "hmatyi07"]
[Black "SARGISMV"]
[Result "0-1"]
[WhiteElo "2185"]
[BlackElo "2483"]
[TimeControl "180+1"]
[EndTime "8:12:51 PST"]
[Termination "SARGISMV won by checkmate"]

1. e4 e6 2. d4 d5 3. e5 c5 4. c3 Nc6 5. Nf3 Nge7 6. Bd3 cxd4 7. O-O dxc3 8. Nxc3 Bd7 9. h4 Ng6 10. h5 Ngxe5 11.
Nxe5 Nxe5 12. Bc2 h6 13. Re1 Bd6 14. f4 Bc5+ 15. Kh1 Qh4# 0-1

[Event "Early-Titled-Tuesday-Blitz-January-16-2024"]
[Site "Chess.com"]
[Date "2024.01.16"]
[Round "2"]
[White "UK_23"]
[Black "NelsonLinda"]
[Result "0-1"]
[WhiteElo "2370"]
[BlackElo "2622"]
[TimeControl "180+1"]
[EndTime "8:13:41 PST"]
[Termination "NelsonLinda won by resignation"]

1. e4 c5 2. Nf3 e6 3. g3 Nc6 4. Bg2 Nf6 5. Qe2 e5 6. Nc3 d6 7. Nd5 Bg4 8. c3 g6 9. h3 Be6 10. Nh4 Bg7 11. d3 O-O 12. O-O Nd7 13. Kh2 Kh8 14. f4 exf4 15. gxf4 Qxh4 0-1

[Event "Early-Titled-Tuesday-Blitz-January-16-2024"]
[Site "Chess.com"]
[Date "2024.01.16"]
[Round "2"]
[White "LeoWin2012"]
[Black "NovoselovRoman"]
[Result "0-1"]
[WhiteElo "2226"]
[BlackElo "2571"]
[TimeControl "180+1"]
[EndTime "8:13:49 PST"]
[Termination "NovoselovRoman won by checkmate"]

1. e4 e6 2. d4 d5 3. exd5 exd5 4.
Bd3 Nf6 5. h3 Bd6 6. c3 O-O 7. Nf3 Re8+ 8. Be3 Nc6 9. O-O Be6 10.
Nbd2 Qd7 11. Qc2 Bxh3 12. gxh3 Qxh3 13. Rfe1 Ng4 14. Bf5 Rxe3 15. Rxe3 Bh2+ 16. Kh1 Nxf2# 0-1

[Event "Early-Titled-Tuesday-Blitz-January-16-2024"]
[Site "Chess.com"]
[Date "2024.01.16"]
[Round "2"]
[White "maurovargas01"]
[Black "leschebaza"]
[Result "0-1"]
[WhiteElo "1855"]
[BlackElo "2432"]
[TimeControl "180+1"]
[EndTime "8:13:49 PST"]
[Termination "leschebaza won by resignation"]

1. e4 e6 2. f4 c5 3. e5 h5 4.
Nc3 b6 5. Be2 Bb7 6. Bf3 Nc6 7.
d3 Nge7 8. Ne4 Nf5 9. Bxh5 Qh4+ 10. g3 Qxh5 11. Bd2 Qxd1+ 12. Rxd1 Ncd4 13. Nc3 Nxc2+ 14. Kf2 Bxh1 0-1

[Event "Early-Titled-Tuesday-Blitz-January-16-2024"]
[Site "Chess.com"]
[Date "2024.01.16"]
[Round "2"]
[White "FranciscodelaF"]
[Black "DanilNajdin"]
[Result "0-1"]
[WhiteElo "2232"]
[BlackElo "2503"]
[TimeControl "180+1"]
[EndTime "8:13:50 PST"]
[Termination "DanilNajdin won by resignation"]

1. d4 Nf6 2. Nf3 d5 3. Bf4 c5 4. e3 cxd4 5. exd4 a6 6. c3 Nc6 7.
Bd3 Bg4 8. Nbd2 e6 9. Qb3 b5 10.
h3 Bh5 11. O-O Bg6 12. Bc4 dxc4 0-1

[Event "Early-Titled-Tuesday-Blitz-January-16-2024"]
[Site "Chess.com"]
[Date "2024.01.16"]
[Round "2"]
[White "Predator0608"]
[Black "kritipatel"]
[Result "1-0"]
[WhiteElo "2471"]
[BlackElo "2159"]
[TimeControl "180+1"]
[EndTime "8:13:56 PST"]
[Termination "Predator0608 won by resignation"]

1. f4 d5 2. Nf3 c5 3. g3 Nc6 4. Bg2 Nf6 5. O-O Bf5 6. d3 e6 7. Qe1 Bd6 8. Nbd2 Ng4 9. e4 Bg6 10. h3 Nh6 11. exd5 Ne7 12. dxe6 fxe6 13. Ng5 Bf7 14. Nxe6 Bxe6 15. Qxe6 Qb6 16. Nc4 Rd8 17. Nxb6 1-0

[Event "Early-Titled-Tuesday-Blitz-January-16-2024"]
[Site "Chess.com"]
[Date "2024.01.16"]
[Round "2"]
[White "publicaccountcze"]
[Black "1mbl4"]
[Result "0-1"]
[WhiteElo "2332"]
[BlackElo "2572"]
[TimeControl "180+1"]
[EndTime "8:14:08 PST"]
[Termination "1mbl4 won by checkmate"]

1. e4 e6 2. d4 c5 3. Nf3 cxd4 4. Nxd4 a6 5. Bd3 Nf6 6. O-O Qc7 7. Kh1 h5 8. f4 Bc5 9. Nb3 Ba7 10. Qe2 Ng4 11.
h3 b5 12. f5 Qh2# 0-1

[Event "Early-Titled-Tuesday-Blitz-January-16-2024"]
[Site "Chess.com"]
[Date "2024.01.16"]
[Round "2"]
[White "quvnoq_muxlis"]
[Black "Firouzja2003"]
[Result "0-1"]
[WhiteElo "2670"]
[BlackElo "3158"]
[TimeControl "180+1"]
[EndTime "8:14:17 PST"]
[Termination "Firouzja2003 won by resignation"]

1. e4 c5 2. Nf3 d6 3. d4 cxd4 4. Nxd4 Nf6 5. Nc3 a6 6. Be2 e5 7.
Nb3 Be7 8. g4 h6 9. h4 b5 10. Be3 Bb7 11. Bf3 b4 12. Nd5 Nxd5 13. exd5 a5 14. Nd2 Nd7 15. a3 Nf6 16. Nc4 e4 17.
Bg2 Nxd5 18. Bd4 Nf4 19. Bf1 e3 20. Bxe3 Bxh1 21. Bxf4 d5 22. Ne5 O-O 23. Be2 Bxh4 24. Kf1 Qf6 25. Qd2 g5 0-1

[Event "Early-Titled-Tuesday-Blitz-January-16-2024"]
[Site "Chess.com"]
[Date "2024.01.16"]
[Round "2"]
[White "Levanzovsky"]
[Black "ChampStan"]
[Result "1-0"]
[WhiteElo "2461"]
[BlackElo "2097"]
[TimeControl "180+1"]
[EndTime "8:14:19 PST"]
[Termination "Levanzovsky won by checkmate"]

1. c4 Nf6 2. Nc3 d5 3. cxd5 Nxd5 4. Nf3 Nxc3 5. bxc3 e6 6. d4 Bd6 7. e4 O-O 8. Bd3 c5 9. O-O cxd4 10. cxd4 h6 11. Qe2 Nc6 12. e5 Be7 13. Qe4 f5 14. exf6 Bxf6 15.
Ba3 Ne7 16. Bxe7 Bxe7 17. Qh7+ Kf7 18. Ne5+ Kf6 19. Qg6# 1-0

[Event "Early-Titled-Tuesday-Blitz-January-16-2024"]
[Site "Chess.com"]
[Date "2024.01.16"]
[Round "2"]
[White "Zurability"]
[Black "wild3000"]
[Result "1-0"]
[WhiteElo "2725"]
[BlackElo "2401"]
[TimeControl "180+1"]
[EndTime "8:14:34 PST"]
[Termination "Zurability won by resignation"]

1. d4 d5 2. c4 e6 3. Nc3 Nf6 4. cxd5 exd5 5. Bg5 c6 6. e3 Nbd7 7. Bd3 Be7 8. Nge2 O-O 9. Qc2 Re8 10. O-O h6 11. Bh4 Nh5 12. Bxe7 Qxe7 13. Rab1 a5 14.
a3 b5 15. Ng3 Nxg3 16. hxg3 Bb7 17. Ne2 Rac8 18. Bh7+ Kf8 19. Bf5 g6 20. Bxd7 Qxd7 21.
Nf4 Kg7 22. Rbc1 Qd6 23. Qc5 Qxc5 24. Rxc5 g5 25. Nd3 Re6 26. Rfc1 f6 27. a4 Ba6 28. axb5 Bxb5 29. Rxb5 cxb5 30. Rxc8 1-0

[Event "Early-Titled-Tuesday-Blitz-January-16-2024"]
[Site "Chess.com"]
[Date "2024.01.16"]
[Round "2"]
[White "Konavets"]
[Black "SahibSinghKnight"]
[Result "0-1"]
[WhiteElo "3151"]
[BlackElo "2687"]
[TimeControl "180+1"]
[EndTime "8:14:36 PST"]
[Termination "SahibSinghKnight won by resignation"]

1. e4 e6 2. d4 d5 3. Nc3 Nf6 4. Bg5 Bb4 5. e5 h6 6. Bc1 Ne4 7. Qg4 Kf8 8. Ne2 c5 9. a3 Bxc3+ 10. bxc3 cxd4 11. cxd4 Qa5+ 12. c3 Nc6 13. f3 Nxd4 14.
fxe4 Nc2+ 15. Kf2 Qc5+ 16. Nd4 Nxd4 17. Be3 Qxc3 18. Rd1 Nc2 19. Bf4 Qc5+ 20. Kg3 Ne3 21. Qh4 g5 22. Bxg5 Nxd1 0-1

[Event "Early-Titled-Tuesday-Blitz-January-16-2024"]
[Site "Chess.com"]
[Date "2024.01.16"]
[Round "2"]
[White "GHANDEEVAM2003"]
[Black "HPanesso"]
[Result "1-0"]
[WhiteElo "3009"]
[BlackElo "2629"]
[TimeControl "180+1"]
[EndTime "8:14:40 PST"]
[Termination "GHANDEEVAM2003 won by resignation"]

1. b3 c5 2. e4 b6 3. Bb2 Bb7 4.
Nc3 Nf6 5. e5 Nd5 6. Nf3 Nxc3 7.
Bxc3 g6 8. h4 h5 9. e6 f6 10.
Bd3 Rg8 11. Ne5 fxe5 12. Bxg6+ Rxg6 13. Qxh5 Be4 14. d3 dxe6 15. dxe4 Kf7 16. Rh3 Qe8 17. Bxe5 1-0

[Event "Early-Titled-Tuesday-Blitz-January-16-2024"]
[Site "Chess.com"]
[Date "2024.01.16"]
[Round "2"]
[White "cristiano78"]
[Black "Chess_Caio2007"]
[Result "0-1"]
[WhiteElo "2265"]
[BlackElo "2518"]
[TimeControl "180+1"]
[EndTime "8:14:40 PST"]
[Termination "Chess_Caio2007 won by resignation"]

1. d4 Nf6 2. c4 g6 3. Nc3 d5 4.
Bf4 Bg7 5. e3 O-O 6. Nf3 c5 7.
dxc5 Qa5 8. Rc1 dxc4 9. Bxc4 Nc6 10. O-O Qxc5 11. Nb5 Qh5 12. Be2 Bg4 13. h3 Bxf3 14. Bxf3 Qxb5 15. b3 Rad8 16. Qc2 Nd5 17. Bg3 Ndb4 18. Qc5 Qxc5 19. Rxc5 Nxa2 20. Bxc6 bxc6 21.
Rxc6 Rd7 22. Rc4 Nc3 23. Kh2 Nb5 24. Rb4 Nd6 25. Rd1 Rfd8 26. Ra4 Nf5 27. Rxd7 Rxd7 28. e4 Nxg3 29. Kxg3 Bd4 30. f4 Bb6 31. Ra3 Rd3+ 32. Kh2 Re3 33. e5 Rc3 0-1

[Event "Early-Titled-Tuesday-Blitz-January-16-2024"]
[Site "Chess.com"]
[Date "2024.01.16"]
[Round "2"]
[White "Nikolakis2014"]
[Black "Garbaranza"]
[Result "1-0"]
[WhiteElo "2744"]
[BlackElo "2416"]
[TimeControl "180+1"]
[EndTime "8:14:45 PST"]
[Termination "Nikolakis2014 won by resignation"]

1. Nf3 d5 2. d4 Nf6 3. c4 e6 4. g3 Nc6 5. Bg2 dxc4 6. O-O Rb8 7. Nc3 Bb4 8. a3 Bxc3 9. bxc3 O-O 10.
Bg5 h6 11. Bh4 g5 12. Nxg5 hxg5 13. Bxg5 Kg7 14. e4 Qe8 15. e5 Nh7 16. Qg4 f5 17. Bf6+ Kh6 18. Qg7+ 1-0

[Event "Early-Titled-Tuesday-Blitz-January-16-2024"]
[Site "Chess.com"]
[Date "2024.01.16"]
[Round "2"]
[White "Grossboss19"]
[Black "FrenchHarvey"]
[Result "0-1"]
[WhiteElo "2547"]
[BlackElo "2805"]
[TimeControl "180+1"]
[EndTime "8:14:47 PST"]
[Termination "FrenchHarvey won by checkmate"]

1. c4 e5 2. Nc3 Nf6 3. Nf3 Nc6 4. g3 Nd4 5. Bg2 Nxf3+ 6. Bxf3 Bb4 7. O-O O-O 8. Qc2 Bxc3 9. Qxc3 d6 10. d3 h6 11. b4 Bg4 12. Bxb7 Bxe2 13. Re1 Rb8 14. Bg2 Bg4 15. b5 Qd7 16. Be3 Bh3 17. Bc6 Qf5 18.
Bxa7 Rbd8 19. a4 d5 20. Rxe5 Qf3 21. Bxd5 Nxd5 22. cxd5 Qg2# 0-1

[Event "Early-Titled-Tuesday-Blitz-January-16-2024"]
[Site "Chess.com"]
[Date "2024.01.16"]
[Round "2"]
[White "VeraVujovic"]
[Black "ural58"]
[Result "0-1"]
[WhiteElo "2218"]
[BlackElo "2497"]
[TimeControl "180+1"]
[EndTime "8:14:48 PST"]
[Termination "ural58 won by resignation"]

1. e4 d5 2. exd5 Qxd5 3. Nc3 Qa5 4. Nf3 Nc6 5. d4 Bg4 6. Be3 O-O-O 7. h3 Bxf3 8. gxf3 e5 9. d5 Bb4 10. Bd2 Bxc3 11.
Bxc3 Qxd5 12. Qxd5 Rxd5 13. Bc4 Rd7 14. Rg1 g6 15. b4 Nh6 16. f4 Re8 17. b5 exf4+ 18. Kf1 Ne5 19. Bb3 Nf3 20. Rh1 Nd2+ 21. Kg2 Nxb3 22.
cxb3 Nf5 23. Rae1 Nh4+ 24. Kf1 Rxe1+ 25. Kxe1 Rd3 26. Ke2 Rxc3 0-1

[Event "Early-Titled-Tuesday-Blitz-January-16-2024"]
[Site "Chess.com"]
[Date "2024.01.16"]
[Round "2"]
[White "Allion2017"]
[Black "RCone"]
[Result "0-1"]
[WhiteElo "2020"]
[BlackElo "2445"]
[TimeControl "180+1"]
[EndTime "8:14:53 PST"]
[Termination "RCone won by resignation"]

1. d4 g6 2. c4 Bg7 3. e4 d6 4. f3 Nf6 5. Nc3 O-O 6. Be3 e5 7. d5 Nh5 8. Nge2 f5 9. Qd2 fxe4 10. fxe4 a6 11. O-O-O b5 12. c5 b4 13. Na4 a5 14. Kb1 Nd7 15. Nc1 Ndf6 16. Bd3 Ng4 17. Bg1 Bh6 18. Qc2 Ne3 19. Bxe3 Bxe3 20. cxd6 cxd6 21.
Nb6 Qxb6 0-1

[Event "Early-Titled-Tuesday-Blitz-January-16-2024"]
[Site "Chess.com"]
[Date "2024.01.16"]
[Round "2"]
[White "EAtakishiyev11"]
[Black "FREDERICKtheMATE"]
[Result "0-1"]
[WhiteElo "2803"]
[BlackElo "2573"]
[TimeControl "180+1"]
[EndTime "8:14:58 PST"]
[Termination "FREDERICKtheMATE won by resignation"]

1. e4 c5 2. Nf3 Nc6 3. Bb5 g6 4. O-O Bg7 5. Bxc6 dxc6 6. d3 Qc7 7. Nc3 b6 8. Be3 e5 9. Rb1 a5 10. a3 h6 11. b4 cxb4 12. axb4 axb4 13. Rxb4 b5 14.
Nd2 Nf6 15. f4 Ng4 16. Bc5 exf4 17. e5 Ne3 18. Qf3 Nxf1 19. Nde4 Ra1 20. Kf2 Nxh2 21. Qxf4 Rf1+ 22. Ke3 Rxf4 23. Nd6+ Qxd6 0-1